 Dungeon Crawl Stone Soup version 0.31-a0-1-g4198be8af4 (webtiles) character file.

Game seed: 13380934299974371547

176 SkeletonJelly the Chopper (level 5, 0/41 HPs)
             Began as a Demonspawn Chaos Knight on May 1, 2023.
             Was a Plaything of Xom.
             Slain by Crazy Yiuf
             ... wielding a +3 quarterstaff of chaos
              (13 damage)
             ... on level 2 of the Dungeon.
             The game lasted 00:02:44 (1887 turns).

SkeletonJelly the Chopper (Demonspawn Chaos Knight) Turns: 1887, Time: 00:02:44

Health: 0/41       AC:  5    Str: 14    XL:     5   Next: 30%
Magic:  5/5        EV: 11    Int: 13    God:    Xom [..*...]
Gold:   99         SH:  0    Dex: 13    Spells: 4/4 levels left

rFire   . . .        a - +0 hand axe (chaos)
rCold   . . .        (no shield)
rNeg    . . .        b - +2 leather armour
rPois   .            (no helmet)
rElec   .            (no cloak)
rCorr   .            (no gloves)
SInv    .            (no boots)
Will    .....        (no amulet)
Stlth   +            (no ring)
HPRegen 0.26/turn    (no ring)
MPRegen 0.09/turn

%: no passive effects
@: mighty, lethally poisoned (0 -> -8)
A: ignite blood 1, demonic touch 2
a: Renounce Religion


You were on level 2 of the Dungeon.
You worshipped Xom.
You were a toy of Xom.
You visited 1 branch of the dungeon, and saw 2 of its levels.

You collected 99 gold pieces.

Inventory:

Hand Weapons
 a - a +0 hand axe of chaos (weapon)
Armour
 b - a +2 leather armour (worn)
 m - a +0 plate armour
 n - a +0 buckler
 o - a +0 helmet
Scrolls
 e - 2 scrolls of teleportation {unknown}
 f - a scroll of fear {unknown}
 g - a scroll of noise {unknown}
 j - a scroll of butterflies {unknown}
 k - a scroll of identify {unknown}
 l - a scroll of enchant weapon {unknown}
Potions
 d - a potion of heal wounds
 i - a potion of magic {unknown}
 p - a potion of curing {unknown}
Miscellaneous
 c - a piece from Xom's chessboard (15/15) (quivered)


   Skills:
 - Level 3.0 Fighting
 + Level 5.5 Axes
 - Level 1.7 Armour
 - Level 0.8 Dodging


You had 4 spell levels left.
You didn't know any spells.
Your spell library contained the following spells:

 Spells                   Type           Power      Damage    Failure   Level
 Ensorcelled Hibernation  Hex/Ice        0%         N/A       50%         2
 Passwall                 Tmut/Erth      0%         N/A       50%         2
 Swiftness                Air            0%         N/A       75%         3


Dungeon Overview and Level Annotations

Branches:
Dungeon (2/15)

Altars:

Annotations:
D:2 Crazy Yiuf


Innate Abilities, Weirdness & Mutations

Your demonic aura sometimes causes spilled blood to erupt in flames.
Your touch may inflict irresistible damage on your foes.


Message History

No target in view!
No target in view!
No target in view!
No target in view!
No target in view!
No target in view!
No target in view!
No target in view!
No target in view!
No target in view!
You now have 99 gold pieces (gained 16).
There is an open door here.
Key pressed, stopping explore.
Key pressed, stopping explore.
Key pressed, stopping explore.
Key pressed, stopping explore.
Key pressed, stopping explore.
A worm comes into view.
The worm bites you.
You take 5 damage, and have 36/41 hp.
You hit the worm. You burn the worm.
The worm is moderately wounded.
You barely miss the worm.
You touch the worm!
The worm is severely wounded.
The worm bites you.
You take 4 damage, and have 32/41 hp.
You hit the worm. You burn the worm.
You kill the worm!
No target in view!
No target in view!
No target in view!
No target in view!
No target in view!
No target in view!
No target in view!
No target in view!
No target in view!
No target in view!
No target in view!
No target in view!
No target in view!
No target in view!
No target in view!
No target in view!
There is a stone staircase leading down here.
Key pressed, stopping explore.
Key pressed, stopping explore.
Things that are here:
a +0 short sword; 5 stones Key pressed, stopping explore.
A giant cockroach comes into view.
Health restored: 41 A giant cockroach is nearby!
A giant cockroach is nearby!
You hit the giant cockroach.
The giant cockroach seems to slow down.
The giant cockroach is heavily wounded.
The giant cockroach bites you but does no damage.
You slash the giant cockroach! You burn the giant cockroach.
You kill the giant cockroach!
No target in view!
No target in view!
No target in view!
No target in view!
No target in view!
No target in view!
No target in view!
No target in view!
Key pressed, stopping explore.
Key pressed, stopping explore.
Key pressed, stopping explore.
Key pressed, stopping explore.
Key pressed, stopping explore.
Crazy Yiuf shouts!
Crazy Yiuf says, "It is extremely absurd to expect to be enlightened by reason, and yet to prescribe to it beforehand on which side it must incline."
Key pressed, stopping explore.
No reachable target in view!
You open the door.
It was a potion of heal wounds.
You feel much better.
Xom is highly amused!
Crazy Yiuf hits you with a +3 quarterstaff of chaos!
Crazy Yiuf freezes you.
You take 11 damage, and have 30/41 hp.
MASSIVE DAMAGE!!
It was a potion of might.
You feel very mighty all of a sudden.
Xom roars with laughter!
Crazy Yiuf says, "Which is more difficult, to awaken one who sleeps or to awaken one who, awake, dreams that he is awake?"
Crazy Yiuf hits you with a +3 quarterstaff of chaos!
You are poisoned.
You take 12 damage, and have 18/41 hp.
MASSIVE DAMAGE!!
You slash Crazy Yiuf!
Crazy Yiuf suddenly seems more resistant.
Crazy Yiuf is severely wounded.
You feel very sick. Crazy Yiuf completely misses you.
You take 3 damage, and have 15/41 hp.
You closely miss Crazy Yiuf.
Crazy Yiuf is severely wounded.
You feel very sick.
Crazy Yiuf hits you with a +3 quarterstaff of chaos!
You die...

.# #.#........#.# #.# #. .#
#.#......#.#.# #.# #. .#
#.#......#.#.# #.# #. .##
#.############ ### #. ..### #.#
#. ....# #.# ♣♣♣♣♣###### #. ..#.#
#.# ### ♣♣♣.♣...+...# #. ..#.#
#.# #...#♣..♣......#.# #. ..#.##
#.# #...g@♣♣♣♣.......####.
###..###.# #)..#♣♣ ♣♣..+......#.
##..##.# ### ♣♣#######.#. ##....#
#.#. ##...# ######.#. ####
#...################......## ...#
#.......<..#................
##+###)#......##....#############
.......#.###.......##


You could see Crazy Yiuf (resistant).

Vanquished Creatures
  Jessica (D:2)
  Terence (D:2)
  Robin (D:2)
  3 adders
  2 worms (D:2)
  4 endoplasms (D:1)
  2 giant cockroaches (D:2)
  14 goblins
  12 hobgoblins
  5 quokkas
  4 ball pythons (D:1)
  5 bats (D:1)
  2 frilled lizards (D:2)
  2 kobolds (D:2)
  5 rats (D:1)
63 creatures vanquished.

Vanquished Creatures (collateral kills)
  An adder (D:2)
  3 goblins (D:2)
  A quokka (D:2)
5 creatures vanquished.

Grand Total: 68 creatures vanquished

Notes
Turn   | Place    | Note
-------+----------+-------------------------------------------
     0 | D:1      | SkeletonJelly the Demonspawn Chaos Knight began the quest
                  | for the Orb.
     0 | D:1      | Reached XP level 1. HP: 18/18 MP: 1/1
     5 | D:1      | Noticed a death yak
    11 | D:1      | Noticed an elephant
    56 | D:1      | Reached skill level 3 in Axes
    56 | D:1      | Gained mutation: Your touch may inflict minor irresistible
                  | damage on your foes. [demonic ancestry]
    56 | D:1      | Reached XP level 2. HP: 23/24 MP: 2/2
   299 | D:1      | XOM: divination: magic mapping
   318 | D:1      | XOM: silly message
   327 | D:1      | Gained mutation: Your touch may inflict irresistible damage
                  | on your foes. [demonic ancestry]
   327 | D:1      | Reached XP level 3. HP: 28/29 MP: 3/3
   455 | D:1      | Reached skill level 4 in Axes
  1030 | D:2      | Found a runed translucent door.
  1031 | D:2      | Noticed Crazy Yiuf
  1085 | D:2      | XOM: summons friendly quasit
  1089 | D:2      | Reached XP level 4. HP: 34/35 MP: 4/4
  1301 | D:2      | Noticed Terence
  1311 | D:2      | Killed Terence
  1312 | D:2      | Reached skill level 5 in Axes
  1385 | D:2      | Noticed Jessica
  1390 | D:2      | XOM: cast spell 'Call Canine Familiar'
  1391 | D:2      | Killed Jessica
  1392 | D:2      | Gained mutation: Your demonic aura sometimes causes spilled
                  | blood to erupt in flames. [demonic ancestry]
  1392 | D:2      | Reached XP level 5. HP: 36/41 MP: 5/5
  1392 | D:2      | Noticed Robin
  1402 | D:2      | XOM: confuse monster(s)
  1407 | D:2      | Killed Robin
  1887 | D:2      | Slain by Crazy Yiuf

Illustrated notes

Levels and vault maps discovered:
D:1:      sevenhm_arrival_forest_fort_small_2, layout_basic, serial_park_tiny_1,
          chequers_serial_rivers_room_b
D:2:      layout_basic, kennysheep_jessica_study, uniq_terence,
          uniq_crazy_yiuf_cottage, uniq_robin

Skill      XL: |  1  2  3  4 |
---------------+-------------+-----
Axes           | 3 4 5 |  5.5
Fighting       | |  3.0
Armour         | |  1.7
Dodging        | |  0.8

Action                     |  1- 3 |  4- 6 || total
---------------------------+-------+-------++-------
  Melee: Hand axe          |   119 |    53 ||   172
         Punch             |     1 |       ||     1
         Touch             |     9 |     8 ||    17
    Use: Potion            |       |     2 ||     2
   Stab: Confused          |       |     1 ||     1
 Armour: Leather armour    |    52 |    18 ||    70
  Dodge: Dodged            |    70 |    27 ||    97

Table legend: (Time is in decaauts)
 A = Elapsed time spent in this place.
 B = Non-inter-level travel time spent in this place.
 C = Inter-level travel time spent in this place.
 D = Time resting spent in this place.
 E = Time spent auto-exploring this place.
 F = Levels seen in this place.
 G = Mean time per level.
                   A        B        C        D        E       F      G
               +--------+--------+--------+--------+--------+-----+--------+
         Total |   1902 |   1879 |     23 |      0 |   1515 |   2 |  951.0 |
       Dungeon |   1902 |   1879 |     23 |      0 |   1515 |   2 |  951.0 |
               +--------+--------+--------+--------+--------+-----+--------+

Top non-repeatable levels by time:
     D:2: 989 daAuts
     D:1: 912 daAuts
